 Dungeon Crawl Stone Soup version 0.31-a0-700-gf13585253f (webtiles) character file.

Game seed: 928055387316027834

8884 qw the Skirmisher (level 11, -1/71 HPs)
             Began as a Gargoyle Hunter on Sept 7, 2023.
             Was an Elder of Okawaru.
             Slain by a black mamba (12 damage)
             ... on level 2 of the Lair of Beasts.
             The game lasted 00:03:21 (8144 turns).

qw the Skirmisher (Gargoyle Hunter)                 Turns: 8144, Time: 00:03:22

Health: -1/71      AC: 27    Str: 18    XL:     11   Next: 37%
Magic:  15/16      EV: 14    Int: 10    God:    Okawaru [****..]
Gold:   880        SH:  0    Dex: 12    Spells: 10/10 levels left

rFire   + . .        g - +5 longbow (flame)
rCold   + + +        (shield currently unavailable)
rNeg    + . .        f - +5 ring mail of Quantum Leap {Will+ Stlth+}
rPois   inf          q - +1 hat "Purroik" {rPois rC+++ Str+3 Dex-5}
rElec   +            k - +2 cloak
rCorr   .            (no gloves)
SInv    +            r - +2 pair of boots
Will    +....        (no amulet)
Stlth   +++          s - ring of see invisible
HPRegen 0.31/turn    o - ring of protection from fire
MPRegen 0.15/turn

%: no passive effects
@: heroic
A: sickness immunity, AC +8, negative energy resistance 1, electricity
resistance, torment resistance 1, petrification resistance
a: Renounce Religion, Heroism, Finesse


You were on level 2 of the Lair of Beasts.
You worshipped Okawaru.
Okawaru was greatly pleased with you.
You visited 3 branches of the dungeon, and saw 12 of its levels.
You also visited: Ossuary.

You collected 1023 gold pieces.
You spent 143 gold pieces at shops.


Innate Abilities, Weirdness & Mutations

You are immune to sickness and miasma.
Your stone body is resilient. (AC +8)
You are immune to poison.
You resist negative energy. (rN+)
You are resistant to electric shocks. (rElec)
You are resistant to unholy torment.
You are immune to petrification.


   Skills:
 - Level 9.0(14.0) Fighting
 + Level 13.1(18.1) Ranged Weapons
 - Level 4.3(9.3) Armour
 - Level 3.9(8.9) Dodging
 - Level 1.1(6.1) Stealth
 + Level 7.4 Invocations


You had 10 spell levels left.
You didn't know any spells.
Your spell library was empty.

Inventory:

Hand Weapons
 g - a +5 longbow of flaming (weapon)
Armour
 f - the +5 ring mail of Quantum Leap (worn) {Will+ Stlth+}
   (You found it on level 8 of the Dungeon)

   Will+:     It increases your willpower.
   Stlth+:    It makes you more stealthy.
 k - a +2 cloak (worn)
 q - the +1 hat "Purroik" (worn) {rPois rC+++ Str+3 Dex-5}
   (You found it on level 1 of the Lair of Beasts)

   Str+3:     It affects your strength (+3).
   Dex-5:     It affects your dexterity (-5).
   rC+++:     It renders you almost immune to cold.
   rPois:     It protects you from poison
 r - a +2 pair of boots (worn)
Jewellery
 j - a ring of positive energy
 m - a ring of resist corrosion
 o - a ring of protection from fire (right hand)
 s - a ring of see invisible (left hand)
 Y - a ring of willpower
Wands
 c - a wand of digging (5)
Scrolls
 a - 3 scrolls of identify
 i - 8 scrolls of teleportation
Potions
 b - a potion of haste
 d - 2 potions of heal wounds
 e - 2 potions of enlightenment
 h - 3 potions of curing
 l - 4 potions of might
 n - 2 potions of mutation
 p - a potion of cancellation

Dungeon Overview and Level Annotations

Branches:
Dungeon (9/15)             Temple (1/1) D:6            Lair (2/5) D:9
    Orc (0/2) D:9         Ossuary (visited)
  Swamp: Lair:2-3    Shoals: Lair:2-3     Snake: Lair:2-3    Spider: Lair:2-3

Altars:
Ashenzari
Cheibriados
Dithmenos
Elyvilon
Fedhas
Gozag
Hepliaklqana
Kikubaaqudgha
Makhleb
Nemelex Xobeh
Okawaru
Qazlal
Ru
Sif Muna
Trog
Uskayaw
Vehumet
Wu Jian
Xom
Yredelemnul
Zin
The Shining One

Shops:
D:3 ?

Annotations:
D:2 1 runed translucent door, Crazy Yiuf
D:4 1 runed translucent door, qw's ghost, weakling MiHs
D:5 1 runed translucent door, qw's ghost, amateur MiHs


Message History

8140 |||
Found retreat position at 1,-1 (elephant; floor) with 0 blocking monsters and 4 monsters attacking at destination at distance 1 You shoot an arrow.
The arrow hits the elephant!!
The arrow burns the elephant.
You kill the elephant!
Okawaru is honoured by your kill. The bullfrog hits you.
The black mamba closely misses you. The yak misses you.
The black mamba misses you. The bullfrog barely misses you.
8141 |||
Found retreat position at 1,-1 (elephant; floor) with 0 blocking monsters and 4 monsters attacking at destination at distance 1 You shoot an arrow.
The arrow hits the elephant!
The arrow burns the elephant.
The elephant is moderately wounded.
The black mamba bites you but does no damage.
The black mamba barely misses you. The elephant tramples you.
You hold your ground!
The elephant trunk-slaps you but does no damage.
The bullfrog hits you but does no damage.
The black mamba barely misses you. The black mamba bites you!
8142 |||
Found retreat position at 1,-1 (elephant; floor) with 0 blocking monsters and 4 monsters attacking at destination at distance 1 You shoot an arrow.
The arrow barely misses the elephant.
The arrow hits the elephant!
The arrow burns the elephant.
The elephant is moderately wounded.
The bullfrog croaks.
The black mamba bites you but does no damage.
The black mamba closely misses you. The bullfrog closely misses you.
The water moccasin bites you but does no damage.
The elephant misses you. The elephant completely misses you. The yak gores you.
8143 |||
Found retreat position at 1,-1 (elephant; floor) with 0 blocking monsters and 4 monsters attacking at destination at distance 1 You shoot an arrow.
The arrow hits the elephant.
The arrow burns the elephant.
The elephant is moderately wounded.
The black mamba bites you but does no damage. x2
The bullfrog closely misses you.
The water moccasin bites you but does no damage.
The black mamba bites you.
The elephant tramples you but does no damage.
The elephant trunk-slaps you. The black mamba bites you. The yak misses you.
The bullfrog hits you but does no damage.
8144 |||
Found retreat position at 1,-1 (elephant; floor) with 0 blocking monsters and 4 monsters attacking at destination at distance 1 You shoot an arrow.
The arrow hits the elephant!!
The arrow burns the elephant.
The elephant is severely wounded.
The black mamba bites you! The water moccasin closely misses you.
The black mamba bites you!
You die...

.... .. .... ...#
..... ....# .....
.....## .....
...P...## #Y.#...
........##YY.....
....F...#Y##....
.......Y@FY......
#...P..SSSY###...
##.#....YY.####
#...P....<....#
.......#......Y.Y
.......#..#......
...........##....
............ ..#.
...##.#.#.... .#


You could see 4 elephants, 2 black mambas, 5 yaks, a water moccasin and 2
bullfrogs.

Vanquished Creatures
  An elephant (Lair:2)
  Jeremiah (D:8)
  3 cane toads (Lair:1)
  4 komodo dragons (Lair:1)
  A shadow (D:6)
  2 wyverns (D:9)
  A basilisk (Lair:1)
  9 yaks
  Menkaure (D:6)
  Edmund (D:4)
  2 acid dragons (D:6)
  5 water moccasins
  2 ice beasts
  An orc warrior (D:7)
  2 black bears
  2 centaurs
  3 ogres
  Blork the orc (D:6)
  2 kobold brigands
  5 bullfrogs
  2 water moccasin zombies (Ossuary)
  7 scorpions
  5 wights
  4 killer bees (D:8)
  3 howler monkeys (D:9)
  3 centaur zombies (Ossuary)
  5 orc priests
  3 gnoll boudas
  7 hounds
  4 iguanas
  6 orc wizards
  A scorpion zombie (Ossuary)
  An ogre zombie (Ossuary)
  7 adders
  10 gnolls
  2 shadow imps (D:6)
  2 white imps
  2 ufetubi (D:6)
  An adder zombie (Ossuary)
  A worm zombie (D:7)
  2 dart slugs
  35 orcs
  3 ball pythons
  8 endoplasms
  4 giant cockroaches
  2 gnoll zombies (Ossuary)
  5 goblins
  4 hobgoblins
  10 kobolds
  4 quokkas
  3 bats
  2 frilled lizards
  5 goblin zombies (Ossuary)
  3 hobgoblin zombies (Ossuary)
  7 rats
  A rat zombie (D:7)
223 creatures vanquished.

Notes
Turn   | Place    | Note
-------+----------+-------------------------------------------
     0 | D:1      | qw the Gargoyle Hunter began the quest for the Orb.
     0 | D:1      | Reached XP level 1. HP: 12/12 MP: 1/1
     0 | D:1      | 0 ||| qw: Version: 0.3-a-76-g4403597
     0 | D:1      | 0 ||| qw: Game counter: 543
     0 | D:1      | 0 ||| qw: Melee chars always use a shield: true
     0 | D:1      | 0 ||| qw: God list: Okawaru
     0 | D:1      | 0 ||| qw: Allow faded altars: false
     0 | D:1      | 0 ||| qw: Do Orc after clearing Dungeon:15 true
     0 | D:1      | 0 ||| qw: Do second Lair branch before Depths: true
     0 | D:1      | 0 ||| qw: Lair rune preference: random
     0 | D:1      | 0 ||| qw: Goals: Normal
     0 | D:1      | 0 ||| PLANNING D:1-11
   179 | D:1      | Reached XP level 2. HP: 17/17 MP: 2/2
   769 | D:1      | 769 ||| READING scroll labelled YJULOF MACOCE.
   770 | D:1      | 770 ||| READING scroll labelled QENUN FINOE.
   771 | D:1      | 771 ||| READING scroll labelled BANUFI OLEMO.
   774 | D:1      | 774 ||| READING 2 scrolls labelled TOLLIHUORA.
   775 | D:1      | 775 ||| READING scroll labelled YMOCAI QYACU.
   776 | D:1      | 776 ||| DROPPING scroll of butterflies.
   777 | D:1      | 777 ||| DROPPING scroll of vulnerability.
   945 | D:2      | Reached XP level 3. HP: 21/21 MP: 3/3
   985 | D:2      | Reached skill level 5 in Ranged Weapons
  1019 | D:2      | Found a faded altar of an unknown god.
  1066 | D:2      | Reached skill level 3 in Fighting
  1145 | D:2      | Reached XP level 4. HP: 28/28 MP: 4/4
  1263 | D:2      | Found a runed translucent door.
  1264 | D:2      | Noticed Crazy Yiuf
  1388 | D:2      | 1388 ||| UPGRADING to +2 robe of cold resistance.
  1398 | D:2      | 1398 ||| DROPPING +0 leather armour.
  1399 | D:2      | 1399 ||| UPGRADING to ring of resist corrosion.
  1400 | D:2      | 1400 ||| READING 2 scrolls labelled SODWIH ACYU.
  1401 | D:2      | 1401 ||| READING scroll labelled WOTREGRAOCO.
  1402 | D:2      | 1402 ||| DROPPING scroll of immolation.
  1514 | D:3      | Found a shimmering blue altar of Sif Muna.
  1673 | D:3      | Found The Oracle's Delphic Readings.
  1683 | D:3      | 1683 ||| BUYING 3 scrolls of teleportation (99 gold).
  1683 | D:3      | Bought 3 scrolls of teleportation for 99 gold pieces
  1683 | D:3      | 1683 ||| BUYING scroll of identify (22 gold).
  1683 | D:3      | Bought a scroll of identify for 22 gold pieces
  1683 | D:3      | 1683 ||| BUYING scroll of identify (22 gold).
  1683 | D:3      | Bought a scroll of identify for 22 gold pieces
  1992 | D:3      | 1992 ||| UPGRADING to +0 cloak.
  1997 | D:3      | 1997 ||| READING scroll labelled CALAABBUBU.
  2018 | D:3      | 2018 ||| DRINKING 2 orange potions.
  2019 | D:3      | 2019 ||| READING 3 scrolls of identify.
  2019 | D:3      | 2019 ||| IDENTIFYING viscous yellow potion
  2020 | D:3      | 2020 ||| READING 2 scrolls of identify.
  2020 | D:3      | 2020 ||| IDENTIFYING amethyst potion
  2069 | D:4      | Identified the +2 whip "Haeffye" {heavy, Will++ Int+3}
  2096 | D:4      | Noticed a scorpion
  2107 | D:4      | Killed a scorpion
  2108 | D:4      | Reached skill level 6 in Ranged Weapons
  2108 | D:4      | Reached XP level 5. HP: 28/32 MP: 5/5
  2163 | D:4      | Found an ancient bone altar of Kikubaaqudgha.
  2166 | D:4      | 2166 ||| READING scroll labelled LAHUIKHAGO.
  2166 | D:4      | Identified a scroll of acquirement
  2166 | D:4      | 2166 ||| ACQUIRING +0 arbalest of draining
  2166 | D:4      | Acquired a +0 arbalest of draining
  2168 | D:4      | 2168 ||| SWAPPING to +0 arbalest of draining.
  2169 | D:4      | 2169 ||| DROPPING +0 shortbow.
  2176 | D:4      | Noticed Edmund
  2183 | D:4      | Killed Edmund
  2184 | D:4      | Reached XP level 6. HP: 19/40 MP: 6/6
  2398 | D:4      | Found a runed translucent door.
  2416 | D:4      | Found a white marble altar of Elyvilon.
  2546 | D:4      | Reached XP level 7. HP: 44/44 MP: 7/7
  2632 | D:4      | Noticed qw's ghost (weakling MiHs)
  2706 | D:4      | 2706 ||| Stepping ~*~*~tactically~*~*~ (outnumbered).
  2708 | D:4      | Reached skill level 7 in Ranged Weapons
  2797 | D:4      | 2797 ||| READING scroll labelled TAT TIAPRERCH.
  2798 | D:4      | 2798 ||| READING scroll labelled DAEGYS SING.
  2799 | D:4      | 2799 ||| READING scroll labelled ISAGYH INGUDD.
  2814 | D:5      | Entered Level 5 of the Dungeon
  2933 | D:5      | Reached skill level 8 in Ranged Weapons
  2942 | D:5      | Reached XP level 8. HP: 49/49 MP: 8/8
  2988 | D:5      | Found a runed translucent door.
  2994 | D:5      | Noticed qw's ghost (amateur MiHs)
  3095 | D:5      | Found a snail-covered altar of Cheibriados.
  3263 | D:5      | 3263 ||| UPGRADING to ring of protection from fire.
  3264 | D:5      | 3264 ||| READING scroll labelled RAPPUA FOLOLA.
  3438 | D:6      | Found a staircase to the Ecumenical Temple.
  3439 | D:6      | 3439 ||| PLANNING TEMPLE
  3439 | D:6      | 3439 ||| READING 2 scrolls of identify.
  3439 | D:6      | 3439 ||| IDENTIFYING white potion
  3440 | D:6      | 3440 ||| DROPPING potion of attraction.
  3450 | Temple   | Entered the Ecumenical Temple
  3451 | Temple   | 3451 ||| PLANNING OKAWARU WORSHIP
  3456 | Temple   | Became a worshipper of Warmaster Okawaru
  3457 | Temple   | 3457 ||| PLANNING D:1-11
  3600 | D:6      | 3600 ||| RETREATING.
  3685 | D:6      | Noticed Menkaure
  3687 | D:6      | Killed Menkaure
  3687 | D:6      | Noticed Blork the orc
  3688 | D:6      | Reached skill level 9 in Ranged Weapons
  3695 | D:6      | Killed Blork the orc
  3731 | D:6      | Found a hide-covered altar of Uskayaw.
  3745 | D:6      | Reached skill level 6 in Fighting
  3771 | D:6      | Found a hide-covered altar of Uskayaw.
  3905 | D:6      | Found a white marble altar of Elyvilon.
  4062 | D:6      | Noticed a yak
  4064 | D:6      | 4064 ||| RETREATING.
  4069 | D:6      | Reached * piety under Okawaru
  4071 | D:6      | 4071 ||| Stepping ~*~*~tactically~*~*~ (retreating).
  4074 | D:6      | 4074 ||| INVOKING Heroism.
  4076 | D:6      | Killed a yak
  4077 | D:6      | Reached skill level 10 in Ranged Weapons
  4085 | D:6      | Reached XP level 9. HP: 48/55 MP: 7/9
  4087 | D:6      | Reached skill level 1 in Invocations
  4143 | D:6      | Reached skill level 3 in Dodging
  4147 | D:6      | Reached skill level 3 in Invocations
  4254 | D:6      | 4254 ||| DRINKING 2 fuming red potions.
  4255 | D:6      | 4255 ||| READING 2 scrolls of identify.
  4255 | D:6      | 4255 ||| IDENTIFYING dark potion
  4283 | D:6      | 4283 ||| INVOKING Heroism.
  4284 | D:6      | 4284 ||| INVOKING Heroism.
  4292 | D:6      | Reached ** piety under Okawaru
  4458 | D:7      | 4458 ||| PLANNING OSSUARY
  4469 | D:7      | Found a sand-covered staircase.
  4481 | Ossuary  | Entered an ossuary
  4724 | Ossuary  | Noticed a silent spectre
  4755 | Ossuary  | 4755 ||| DRINKING 4 bubbling coppery potions.
  4756 | Ossuary  | 4756 ||| DRINKING 2 murky yellow potions.
  4861 | Ossuary  | 4861 ||| DROPPING 3 potions of invisibility.
  4862 | Ossuary  | 4862 ||| DROPPING potion of berserk rage.
  4865 | D:7      | 4865 ||| PLANNING D:1-11
  4865 | D:7      | 4865 ||| READING scroll of enchant armour.
  4865 | D:7      | 4865 ||| ENCHANTING +0 cloak.
  4939 | D:7      | Reached skill level 11 in Ranged Weapons
  5040 | D:7      | 5040 ||| READING scroll of enchant armour.
  5040 | D:7      | 5040 ||| ENCHANTING +1 cloak.
  5111 | D:7      | 5111 ||| DRINKING 3 potions of curing.
  5111 | D:7      | 5111 ||| (to cure confusion)
  5234 | D:7      | 5234 ||| INVOKING Heroism.
  5241 | D:7      | Reached XP level 10. HP: 64/64 MP: 11/13
  5337 | D:7      | 5337 ||| Stepping ~*~*~tactically~*~*~ (outnumbered).
  5340 | D:7      | 5340 ||| Stepping ~*~*~tactically~*~*~ (outnumbered).
  5347 | D:7      | 5347 ||| INVOKING Heroism.
  5617 | D:7      | Found a hazy altar of Hepliaklqana.
  5622 | D:7      | 5622 ||| UPGRADING to +0 pair of boots.
  5627 | D:7      | 5627 ||| UPGRADING to ring of willpower.
  5629 | D:7      | 5629 ||| READING scroll labelled WOKHLA DYOGROIPUEM.
  5630 | D:7      | 5630 ||| READING scroll labelled QUUWIG GEYN.
  5631 | D:7      | 5631 ||| READING 2 scrolls of identify.
  5631 | D:7      | 5631 ||| IDENTIFYING sedimented green potion
  5673 | D:8      | 5673 ||| STAIRDANCE
  5678 | D:7      | 5678 ||| INVOKING Heroism.
  5751 | D:8      | Identified the +5 ring mail of Quantum Leap {Will+ Stlth+}
  6092 | D:8      | Noticed Jeremiah
  6097 | D:8      | 6097 ||| Stepping ~*~*~tactically~*~*~ (outnumbered).
  6106 | D:8      | 6106 ||| UPGRADING to +5 ring mail of Quantum Leap {Will+
                  | Stlth+}.
  6116 | D:8      | 6116 ||| DROPPING +2 robe of cold resistance.
  6130 | D:8      | 6130 ||| DROPPING +0 acid dragon scales.
  6132 | D:8      | Killed Jeremiah
  6132 | D:8      | Reached *** piety under Okawaru
  6133 | D:8      | Reached skill level 3 in Armour
  6180 | D:8      | 6180 ||| READING scroll of enchant armour.
  6180 | D:8      | 6180 ||| ENCHANTING +0 pair of boots.
  6458 | D:8      | 6458 ||| READING 2 scrolls of identify.
  6458 | D:8      | 6458 ||| IDENTIFYING metallic red potion
  6459 | D:8      | 6459 ||| DROPPING potion of lignification.
  6498 | D:9      | 6498 ||| STAIRDANCE
  6516 | D:9      | 6516 ||| STAIRDANCE
  6519 | D:8      | Reached skill level 12 in Ranged Weapons
  6526 | D:9      | 6526 ||| STAIRDANCE
  6773 | D:9      | Found a staircase to the Lair.
  6786 | D:9      | 6786 ||| READING scroll of acquirement.
  6786 | D:9      | 6786 ||| ACQUIRING +5 longbow of flaming
  6786 | D:9      | Acquired a +5 longbow of flaming
  6788 | D:9      | 6788 ||| SWAPPING to +5 longbow of flaming.
  6789 | D:9      | 6789 ||| DROPPING +0 arbalest of draining.
  6953 | D:9      | Found a staircase to the Orcish Mines.
  7119 | D:9      | 7119 ||| RETREATING.
  7131 | D:9      | 7131 ||| Stepping ~*~*~tactically~*~*~ (retreating).
  7132 | D:9      | 7132 ||| Stepping ~*~*~tactically~*~*~ (retreating).
  7133 | D:9      | 7133 ||| Stepping ~*~*~tactically~*~*~ (retreating).
  7134 | D:9      | 7134 ||| Stepping ~*~*~tactically~*~*~ (retreating).
  7135 | D:9      | 7135 ||| Stepping ~*~*~tactically~*~*~ (retreating).
  7136 | D:9      | 7136 ||| Stepping ~*~*~tactically~*~*~ (retreating).
  7143 | D:9      | Reached **** piety under Okawaru
  7193 | D:9      | 7193 ||| PLANNING LAIR
  7214 | Lair:1   | Entered Level 1 of the Lair of Beasts
  7221 | Lair:1   | Noticed a cane toad
  7222 | Lair:1   | 7222 ||| INVOKING Heroism.
  7228 | Lair:1   | Killed a cane toad
  7228 | Lair:1   | Received a gift from Okawaru
  7229 | Lair:1   | Reached skill level 13 in Ranged Weapons
  7283 | Lair:1   | Noticed a cane toad
  7284 | Lair:1   | 7284 ||| RETREATING.
  7289 | Lair:1   | 7289 ||| INVOKING Heroism.
  7291 | Lair:1   | Killed a cane toad
  7428 | Lair:1   | Reached XP level 11. HP: 69/69 MP: 15/15
  7488 | Lair:1   | Reached skill level 6 in Invocations
  7494 | Lair:1   | 7494 ||| INVOKING Heroism.
  7527 | Lair:1   | Reached skill level 9 in Fighting
  7562 | Lair:1   | Identified the +1 hat "Purroik" {rPois rC+++ Str+3 Dex-5}
  7599 | Lair:1   | 7599 ||| Stepping ~*~*~tactically~*~*~ (retreating).
  7754 | Lair:1   | 7754 ||| READING scroll of enchant armour.
  7754 | Lair:1   | 7754 ||| ENCHANTING +1 pair of boots.
  7809 | Lair:1   | 7809 ||| INVOKING Heroism.
  7989 | Lair:1   | 7989 ||| INVOKING Heroism.
  7990 | Lair:1   | 7990 ||| UPGRADING to +1 hat "Purroik" {rPois rC+++ Str+3
                  | Dex-5}.
  8118 | Lair:1   | 8118 ||| UPGRADING to ring of see invisible.
  8120 | Lair:1   | 8120 ||| READING 4 scrolls of identify.
  8120 | Lair:1   | 8120 ||| IDENTIFYING clear potion
  8130 | Lair:2   | 8130 ||| RETREATING.
  8134 | Lair:2   | 8134 ||| INVOKING Heroism.
  8144 | Lair:2   | HP: 11/71 [black mamba (7)]
  8144 | Lair:2   | Slain by a black mamba

Levels and vault maps discovered:
D:1:      psy_arrival_terrarium, layout_loops_corners
D:2:      layout_rooms, hellmonk_ecumenical_altar_lost_god, nrook_loot_triangle,
          hangedman_abyss_or_decor_stabs, uniq_crazy_yiuf_cottage
D:3:      layout_basic, overflow_temple_1_default, nicolae_nh_oracle_at_delphi
D:4:      layout_basic, mainiacjoe_overflow_large_starburst,
          ebering_ghost_reflecting_pool, uniq_edmund
D:5:      layout_cave_pools, overflow_temple_1_default,
          ebering_ghost_reflecting_pool, hex_tiny
D:6:      minmay_polygon_palace, layout_basic, nicolae_uskayaw_dance_hall,
          minmay_temple_entry_poolview, hangedman_feature_mirror,
          grunt_decor_one_mirror, uniq_blork_the_orc, uniq_menkaure
D:7:      layout_gridville, worldfamousw_hep_ancestral_shrine, enter_ossuary_3
D:8:      layout_gridville, uniq_jeremiah
D:9:      layout_roguey, dpeg_oklobed_lair, orc_0_dummy
Temple:   eino_temple_rhombus
Lair:1:   layout_roguey, serial_bayou_shore_a, infiniplex_staircase_pool
Lair:2:   layout_gridlike, grunt_megastairs_4

Skill      XL: |  1  2  3  4  5  6  7  8  9 10 11 |
---------------+----------------------------------+-----
Ranged Weapons | 5 6 8 10 11 13 | 13.1
Fighting       | 3 5 6 8 9 |  9.0
Dodging        | 2 3 |  3.9
Armour         | 2 4 |  4.3
Invocations    | 4 5 7 |  7.4
Stealth        | |  1.1

Action                     |  1- 3 |  4- 6 |  7- 9 | 10-12 || total
---------------------------+-------+-------+-------+-------++-------
   Fire: Shortbow          |    83 |    50 |       |       ||   133
         Arbalest          |       |    31 |   274 |   104 ||   409
         Longbow           |       |       |       |   110 ||   110
 Invoke: Heroism           |       |       |     3 |     8 ||    11
    Use: Scroll            |     5 |     6 |     8 |     8 ||    27
         Potion            |       |     1 |     4 |       ||     5
 Armour: Leather armour    |    11 |       |       |       ||    11
         Robe              |       |    13 |    90 |    31 ||   134
         Ring mail         |       |       |       |    91 ||    91
  Dodge: Dodged            |    15 |    20 |   112 |   121 ||   268

Table legend:
 A = Non-vault XP
 B = Vault XP
 C = Vault XP percentage of total XP
 D = Non-vault monster count
 E = Vault monster count
 F = Vault count percentage of total count
                 A         B        C        D         E       F
            +---------+---------+-------+---------+---------+-------
      Total |    9653 |    3039 |  23.9 |     171 |      52 |  23.3
            +---------+---------+-------+---------+---------+-------
        D:1 |      24 |       0 |   0.0 |      14 |       0 |   0.0
        D:2 |      60 |       0 |   0.0 |      22 |       0 |   0.0
        D:3 |      37 |       3 |   7.5 |       9 |       2 |  18.2
        D:4 |     437 |     164 |  27.3 |      20 |       1 |   4.8
        D:5 |     545 |       0 |   0.0 |       8 |       0 |   0.0
        D:6 |     407 |    1913 |  82.5 |       8 |      26 |  76.5
        D:7 |     892 |       7 |   0.8 |      31 |       2 |   6.1
        D:8 |     739 |     418 |  36.1 |      25 |       1 |   3.8
        D:9 |    1919 |       0 |   0.0 |      16 |       0 |   0.0
     Lair:1 |    4148 |       0 |   0.0 |      17 |       0 |   0.0
     Lair:2 |     445 |       0 |   0.0 |       1 |       0 |   0.0
    Ossuary |       0 |     534 | 100.0 |       0 |      20 | 100.0
            +---------+---------+-------+---------+---------+-------
